 Dungeon Crawl Stone Soup version 0.20.0-15-g7f486f2 (webtiles) character file.

279 asdasd2 the Skirmisher (level 6, 0/56 HPs)
             Began as a Minotaur Fighter on June 11, 2017.
             Slain by an adder (4 damage)
             ... on level 5 of the Dungeon.
             The game lasted 00:05:12 (1984 turns).

asdasd2 the Skirmisher (Minotaur Fighter)           Turns: 1984, Time: 00:05:13

Health: 0/56       AC: 12    Str: 22    XL:     6   Next: 5%
Magic:  5/5        EV:  4    Int:  5    God:
Gold:   106        SH:  9    Dex: 10    Spells: 5/5 levels left

rFire    . . .     SeeInvis .   a - +1 war axe
rCold    . . .     Gourm    .   c - +0 shield
rNeg     . . .     Faith    .   o - +0 plate armour
rPois    .         Spirit   .   (helmet restricted)
rElec    .         Reflect  .   (no cloak)
rCorr    +         Harm     .   (no gloves)
MR       .....     Rnd*Tele +   (no boots)
Stlth    ..........             (no amulet)
Regen    0.2/turn               k - ring of teleportation (curse)
MPRegen  0.1/turn               t - ring of resist corrosion

@: lethally poisoned (0 -> -2)
A: retaliatory headbutt, horns 2
a: no special abilities


You were on level 5 of the Dungeon.
You were hungry.

You visited 1 branch of the dungeon, and saw 5 of its levels.

You collected 106 gold pieces.

Inventory:

Hand Weapons
 a - a +1 war axe (weapon)
Armour
 b - a +0 scale mail
 c - a +0 shield (worn)
 o - a +0 plate armour (worn)
Jewellery
 k - a cursed ring of teleportation (left hand)
 t - a ring of resist corrosion (right hand)
Wands
 q - a wand of flame (17/48)
Scrolls
 l - 2 scrolls of teleportation {unknown}
 p - a scroll of enchant weapon
 s - a scroll of identify
Potions
 d - 3 potions of might
 n - 2 potions of flight
 r - a potion of ambrosia
Books
 i - a book of Cantrips

   Spells                             Type                      Level
   a - Confusing Touch                Hexes                        1
   b - Animate Skeleton               Necromancy                   1
   c - Summon Small Mammal            Summoning                    1
   d - Apportation                    Translocation                1
Comestibles
 f - 3 bread rations
 j - a royal jelly
 m - 2 fruits


   Skills:
 * Level 5.5 Fighting
 + Level 4.9 Axes
 + Level 5.3 Armour
 + Level 0.7 Dodging
 - Level 3.6 Shields


You had 5 spell levels left.
You didn't know any spells.

Dungeon Overview and Level Annotations

Branches:
Dungeon (5/15)
 Temple: D:4-7

Altars:
Gozag
Hepliaklqana
Uskayaw
Vehumet
Zin


Innate Abilities, Weirdness & Mutations

You reflexively headbutt those who attack you in melee.
You have a pair of horns on your head.


Message History

You miss the adder. Your headbutt misses the adder.
The adder is lightly wounded.
The adder bites you.
* * * LOW HITPOINT WARNING * * *
You are poisoned.
The adder poisons you! The adder bites you but does no damage.
You hit the adder but do no damage.
The adder is lightly wounded.
You feel sick.
The adder bites you but does no damage. x2
Your plate armour prevents you from hitting the adder.
The adder is lightly wounded.
The adder bites you but does no damage.
You miss the adder.
The adder is lightly wounded.
You feel sick.
The adder bites you but does no damage. x2
You closely miss the adder.
You headbutt the adder, but do no damage.
The adder is lightly wounded.
The adder bites you.
You die...

#.......#
#.. ....#
#.......#
... ...
......
#.##.#.##
#.......#
#S# #@#
#[# #.#
..# ###


You could see an adder.

Vanquished Creatures
  2 orc priests (D:4)
  Jessica (D:3)
  Terence (D:3)
  8 adders
  A gnoll (D:4)
  2 oozes
  2 worms
  5 dart slugs
  6 leopard geckos
  5 orcs
  2 giant cockroaches
  7 goblins
  2 hobgoblins (D:1)
  4 jackals (D:2)
  5 kobolds
  2 ball pythons
  4 bats
  3 frilled lizards
  3 rats
65 creatures vanquished.

Notes
Turn   | Place    | Note
-------+----------+-------------------------------------------
     0 | D:1      | asdasd2 the Minotaur Fighter began the quest for the Orb.
     0 | D:1      | Reached XP level 1. HP: 19/19 MP: 0/0
   108 | D:1      | Reached XP level 2. HP: 20/27 MP: 1/1
   636 | D:2      | Found a hazy altar of Hepliaklqana.
   673 | D:2      | Reached XP level 3. HP: 34/34 MP: 2/2
  1010 | D:2      | Reached XP level 4. HP: 41/41 MP: 3/3
  1173 | D:2      | Found a glowing silver altar of Zin.
  1340 | D:3      | Reached skill level 5 in Fighting
  1447 | D:3      | Found a radiant altar of Vehumet.
  1506 | D:3      | Noticed Jessica
  1509 | D:3      | Reached XP level 5. HP: 40/48 MP: 4/4
  1510 | D:3      | Killed Jessica
  1510 | D:3      | Reached skill level 5 in Armour
  1512 | D:3      | Found an opulent altar of Gozag.
  1653 | D:3      | Noticed Terence
  1665 | D:3      | Killed Terence
  1877 | D:4      | Found a hide-covered altar of Uskayaw.
  1882 | D:4      | HP: 1/48 [orc priest/divine providence (11)]
  1960 | D:4      | Reached XP level 6. HP: 9/56 MP: 5/5
  1975 | D:5      | Entered Level 5 of the Dungeon
  1984 | D:5      | Slain by an adder

Skill      XL: |  1  2  3  4  5 |
---------------+----------------+-----
Fighting       | 4 5 |  5.5
Axes           | 3 4 |  4.9
Armour         | 4 5 |  5.3
Dodging        | |  0.7
Shields        | |  3.6

Action                   |  1- 3 |  4- 6 || total
-------------------------+-------+-------++-------
Melee: War axe           |    78 |   109 ||   187
       Headbutt          |    12 |    11 ||    23
  Use: Scroll            |       |     8 ||     8
       Potion            |       |     3 ||     3
  Eat: Chunk             |       |     3 ||     3
Armor: Scale mail        |    21 |       ||    21
       Plate armour      |    27 |    70 ||    97
       Skin              |       |     8 ||     8
Dodge: Dodged            |    19 |    28 ||    47
Block: Shield            |    42 |    69 ||   111
